 Dungeon Crawl Stone Soup version 0.28-a0-620-g539b0f7ac7 (webtiles) character file.

Game seed: 7201740137489374351

67 willcat the Sneak (level 4, -4/35 HPs)
             Began as a Human Delver on Oct 6, 2021.
             Was an Initiate of Okawaru.
             Slain by an iguana (11 damage)
             ... on level 5 of the Dungeon.
             The game lasted 00:01:59 (963 turns).

willcat the Sneak (Human Delver)                     Turns: 963, Time: 00:02:00

Health: -4/35      AC:  3    Str: 12    XL:     4   Next: 40%
Magic:  4/4        EV: 12    Int: 12    God:    Okawaru [......]
Gold:   75         SH:  0    Dex: 14    Spells: 3/3 levels left

rFire   . . .      SeeInvis .   a - +0 short sword
rCold   . . .      Faith    .   (no shield)
rNeg    . . .      Spirit   .   b - +0 leather armour
rPois   .          Reflect  .   (no helmet)
rElec   .          Harm     .   (no cloak)
rCorr   .          Rampage  .   (no gloves)
Will    .....                   (no boots)
Stlth   +++.......              (no amulet)
HPRegen 0.11/turn               (no ring)
MPRegen 0.09/turn               (no ring)

@: no status effects
A: no striking features
a: Renounce Religion


You were on level 5 of the Dungeon.
You worshipped Okawaru.
Okawaru was noncommittal.
You visited 2 branches of the dungeon, and saw 2 of its levels.
You also visited: Sewer.

You collected 75 gold pieces.

Inventory:

Hand Weapons
 a - a +0 short sword (weapon)
Armour
 b - a +0 leather armour (worn)
Wands
 g - a wand of digging (3)
Scrolls
 c - 2 scrolls of fog
 d - a scroll of magic mapping
 e - a scroll of fear
 h - 3 scrolls of teleportation {unknown}
 i - 2 scrolls of enchant weapon {unknown}
 k - a scroll of acquirement {unknown}
Potions
 f - a potion of haste
 j - 4 potions of flight


   Skills:
 - Level 3.0 Fighting
 + Level 3.0 Short Blades
 + Level 2.9 Dodging
 + Level 5.5 Stealth


You had 3 spell levels left.
You didn't know any spells.
Your spell library was empty.

Dungeon Overview and Level Annotations

Branches:
Dungeon (5/15)             Temple (1/1) D:5           Sewer (visited)

Altars:
Cheibriados
Fedhas
Hepliaklqana
Kikubaaqudgha
Nemelex Xobeh
Okawaru
Sif Muna
Uskayaw
Vehumet
Wu Jian
Xom
Yredelemnul
Zin
The Shining One


Message History

The iguana bites you but does no damage.
You hit the iguana.
The iguana is lightly wounded.
The iguana closely misses you.
You closely miss the iguana.
The iguana is lightly wounded.
The iguana barely misses you.
You hit the iguana but do no damage.
The iguana is lightly wounded.
The iguana bites you.
You barely miss the iguana.
The iguana is lightly wounded.
The iguana closely misses you.
You hit the iguana.
The iguana is lightly wounded.
The iguana closely misses you.
You hit the iguana.
The iguana is heavily wounded.
The iguana bites you.
You hit the iguana but do no damage.
The iguana is heavily wounded.
The iguana bites you!
You hit the iguana but do no damage.
The iguana is heavily wounded.
The iguana closely misses you.
You barely miss the iguana.
The iguana is heavily wounded.
The iguana barely misses you.
You hit the iguana but do no damage.
The iguana is heavily wounded.
You hit the iguana.
The iguana is severely wounded.
The iguana misses you.
Okay, then.
You hit the iguana but do no damage.
The iguana is heavily wounded.
The iguana bites you!
* * * LOW HITPOINT WARNING * * *
The iguana bites you!
You die...

........ ........
.............. ..########
#..<.........# .>.......#
#............#
#.######.###............#
...........#............#
...........#............#
...........#............#
...........#....@l......#
...........#.#.#.########
#.######'### # #.# #(#
#.# #.# #.# #.# #.# #.#
#.#######.# #.#
#.........# ..#
#.######### ### ###


You could see an iguana.

Vanquished Creatures
  A howler monkey (D:5)
  A worm (Sewer)
  3 ball pythons (Sewer)
  6 bats (Sewer)
  3 endoplasms (Sewer)
  4 giant cockroaches
  4 jackals (Sewer)
  A quokka (Sewer)
  A rat (D:5)
24 creatures vanquished.

Notes
Turn   | Place    | Note
-------+----------+-------------------------------------------
     0 | D:5      | willcat the Human Delver began the quest for the Orb.
     0 | D:5      | Reached XP level 1. HP: 18/18 MP: 1/1
    29 | D:5      | Found a glowing drain.
    53 | Sewer    | Entered a sewer
    58 | Sewer    | Reached XP level 2. HP: 23/24 MP: 2/2
   352 | Sewer    | Reached XP level 3. HP: 24/29 MP: 3/3
   647 | D:5      | Found a staircase to the Ecumenical Temple.
   677 | D:5      | Reached XP level 4. HP: 17/35 MP: 4/4
   693 | Temple   | Entered the Ecumenical Temple
   896 | Temple   | Became a worshipper of Warmaster Okawaru
   963 | D:5      | Slain by an iguana

Illustrated notes

Levels and vault maps discovered:
D:5:      layout_basic, minmay_temple_entry_gardened_gates, portal_sewer_entry_b
Temple:   zaba_magenta_temple

Skill      XL: |  1  2  3 |
---------------+----------+-----
Short Blades   | 3 |  3.0
Fighting       | |  3.0
Dodging        | |  2.9
Stealth        | |  5.5

Action                   |  1- 3 |  4- 6 || total
-------------------------+-------+-------++-------
Melee: Short sword       |    85 |    14 ||    99
  Use: Potion            |     1 |       ||     1
 Stab: Sleeping          |     7 |       ||     7
Armor: Leather armour    |    36 |     1 ||    37
Dodge: Dodged            |    79 |     8 ||    87

Table legend: (Time is in decaauts)
 A = Elapsed time spent in this place.
 B = Non-inter-level travel time spent in this place.
 C = Inter-level travel time spent in this place.
 D = Time resting spent in this place.
 E = Time spent auto-exploring this place.
 F = Levels seen in this place.
 G = Mean time per level.
                   A        B        C        D        E       F      G
               +--------+--------+--------+--------+--------+-----+--------+
         Total |   1085 |   1071 |     14 |     86 |    423 |   3 |  361.7 |
       Dungeon |    158 |    157 |      1 |      0 |     51 |   1 |  158.0 |
        Temple |    216 |    203 |     13 |      0 |    191 |   1 |  216.0 |
         Sewer |    710 |    710 |      0 |     86 |    181 |   1 |  710.0 |
               +--------+--------+--------+--------+--------+-----+--------+

Top non-repeatable levels by time:
   Sewer: 710 daAuts
  Temple: 216 daAuts
     D:5: 158 daAuts
